Map: Blackpink LE

Players

knmyeong

  • Race: Terran Terran
  • League: Diamond
  • Spawn Location: 7:00

Fluke - Winner!

  • Race: Zerg Zerg
  • League: Diamond
  • Spawn Location: 1:00

VOD

Have the link to the VOD?

Description

Time

  • Played on: March 30, 2018, 10:23 p.m.
  • Length: 20:59
Show
View Real Time Build Order
Export as new Build Order

knmyeong Terran 

Build Orders: Reaper Expand, Mech 

Get SALT Encoding   

  12  0:00  SCV  
  13  0:12  SCV  
  14  0:20  Supply Depot  
  14  0:25  SCV  
  15  0:28  Refinery  
  15  0:42  SCV  
  16  0:45  Barracks  
  16  0:56  SCV  
  17  1:08  SCV  
  18  1:20  SCV  
  19  1:32  Reaper, Orbital Command  
  20  1:44  Command Center  
  20  1:55  Factory  
  20  1:59  SCV  
  21  2:06  Barracks Reactor  
  21  2:12  Supply Depot  
  21  2:15  Refinery  
  21  2:16  SCV  
  22  2:28  SCV  
  23  2:43  Marine x2  
  25  2:53  SCV  
  26  3:00  Marine  
  26  3:03  Starport  
  25  3:12  Armory  
  25  3:26  Orbital Command  
  25  3:30  SCV  
  25  3:31  Hellion x2  
  29  3:40  Viking  
  31  3:42  SCV, Supply Depot  
  32  3:51  SCV  
  32  3:54  SCV  
  34  3:58  Hellion  
  35  4:06  SCV  
  37  4:10  Medivac  
  37  4:11  Orbital Command  
  38  4:18  SCV  
  39  4:24  Hellion  
  39  4:25  Hellion  
  39  4:30  SCV  
  44  4:38  SCV  
  45  4:42  SCV  
  45  4:44  Supply Depot  
  48  4:49  Starport Reactor  
  48  4:50  SCV  
  47  4:54  SCV  
  48  5:00  Refinery x2  
  48  5:02  SCV  
  48  5:03  Hellion x2  
  48  5:06  SCV  
  54  5:08  Liberator, Command Center  
  54  5:14  SCV  
  54  5:19  SCV  
  54  5:21  Barracks Tech Lab  
  56  5:24  Hellion  
  56  5:26  SCV  
  62  5:36  Supply Depot  
  62  5:39  Supply Depot  
  62  5:42  Factory x2  
  62  5:55  Supply Depot  
  62  5:58  SCV x2  
  64  6:10  SCV x2  
  66  6:22  SCV x2  
  68  6:28  Orbital Command  
  68  6:32  Factory Tech Lab  
  68  6:33  Supply Depot, Armory  
  68  6:34  SCV x2, Terran Vehicle Weapons Level 1  
  66  6:43  Factory  
  66  6:46  SCV x2  
  64  6:51  Siege Tank  
  64  6:52  Hellion, Orbital Command  
  67  6:58  SCV x2  
  67  7:05  Hellbat  
  67  7:06  Hellion x2  
  73  7:10  SCV x2  
  73  7:14  Hellion  
  68  7:18  Infernal Pre-Igniter  
  68  7:19  Cloaking Field  
  68  7:20  Banshee  
  71  7:22  SCV x2  
  71  7:23  Terran Vehicle And Ship Armor Level 1  
  73  7:34  Hellbat  
  73  7:35  SCV, Hellbat x3  
  82  7:45  Hellbat  
  82  7:49  Factory  
  84  7:51  Factory Tech Lab  
  84  7:53  SCV  
  84  7:55  Starport  
  89  7:58  Hellbat x2  
  89  7:59  Hellbat x2  
  89  8:03  Engineering Bay  
  89  8:04  SCV  
  94  8:07  Refinery  
  94  8:08  Refinery  
  94  8:14  Hellbat x2  
  94  8:16  Banshee  
  101  8:24  Hellion x4  
  101  8:29  Command Center  
  101  8:30  Hellbat  
  101  8:32  Starport Reactor  
  103  8:38  SCV, Supply Depot  
  103  8:39  SCV  
  105  8:54  Factory Tech Lab  
  105  8:55  Hellbat x2  
  109  8:59  Supply Depot  
  109  9:00  Hellbat x2, Siege Tank  
  116  9:04  Supply Depot  
  116  9:20  Command Center  
  116  9:24  Hellbat, Siege Tank  
  113  9:25  Hellbat x3  
  113  9:29  Banshee  
  122  9:32  Siege Tank  
  116  9:56  Banshee  
  116  9:58  SCV  
  116  9:59  SCV  
  118  10:00  SCV  
  112  10:11  SCV x2  
  112  10:12  Raven  
  112  10:14  Hellbat x3, Siege Tank x2  
  126  10:17  Planetary Fortress  
  126  10:19  Hellbat  
  128  10:42  Hyperflight Rotors  
  131  10:46  Siege Tank x2  
  131  10:48  Refinery  
  137  10:57  Raven  
  136  11:04  Supply Depot  
  136  11:05  Terran Vehicle Weapons Level 2, Terran Vehicle And Ship Armor Level 2, Supply Depot  
  133  11:23  Siege Tank  
  133  11:24  Hellbat x3, Siege Tank  
  143  11:48  Hellion x4  
  151  11:56  Siege Tank  
  151  11:58  Siege Tank, Viking  
  151  11:59  Raven  
  161  12:22  Viking  
  163  12:26  Hellion x4  
  163  12:27  Thor  
  163  12:28  Viking  
  152  12:43  Thor, Viking  
  115  13:00  SCV  
  115  13:02  Planetary Fortress  
  115  13:05  Viking x2  
  102  13:10  Thor  
  96  13:22  Hellbat x3, Hellion  
  102  13:29  SCV  
  102  13:32  SCV x2  
  105  13:40  Missile Turret  
  105  13:41  SCV  
  106  13:42  Refinery  
  106  13:44  SCV  
  106  13:45  SCV  
  108  13:53  SCV  
  99  13:56  SCV  
  96  14:03  SCV x2, Hellion x3  
  96  14:05  SCV, Hellion x3  
  96  14:07  Hellion  
  96  14:09  SCV  
  108  14:15  SCV x2, Refinery  
  110  14:20  SCV  
  110  14:21  SCV  
  112  14:31  Viking x2  
  112  14:32  Viking  
  112  14:37  SCV  
  119  14:42  Sensor Tower  
  119  14:43  Hellion x2  
  119  14:47  Refinery  
  102  15:01  Hellbat  
  102  15:02  Hellbat x2, Siege Tank x2  
  110  15:09  Viking x3  
  110  15:12  Hellion  
  110  15:13  SCV  
  119  15:15  SCV x2  
  119  15:16  SCV  
  119  15:17  SCV  
  123  15:23  Hellion  
  123  15:24  Siege Tank  
  123  15:25  SCV  
  123  15:27  SCV x2  
  131  15:49  Hellion x2  
  115  16:03  SCV x2  
  115  16:04  SCV  
  116  16:06  Hellbat x4, Siege Tank x3  
  131  16:13  Terran Vehicle And Ship Armor Level 3, Terran Vehicle Weapons Level 3  
  131  16:16  Raven  
  133  16:27  Hellbat x2  
  133  16:28  Hellbat  
  139  16:38  Siege Tank  
  139  16:39  Hellbat x2, Siege Tank  
  138  17:00  Hellbat x3  
  133  17:23  Hellbat x4  
  133  17:24  Hellbat x2  
  145  17:30  Banshee  
  148  17:37  Thor  
  154  17:56  Hellbat  
  154  17:58  Hellbat  
  154  17:59  Hellbat  
  154  18:03  Hellbat x3  
  127  18:13  Banshee  
  127  18:17  Hellbat  
  127  18:18  Starport  
  134  18:20  Hellbat x2, Siege Tank  
  134  18:21  Starport  
  134  18:24  Hellbat x2  
  120  18:37  Starport  
  120  18:38  Starport  
  120  18:41  Hellbat  
  122  18:45  Armory  
  122  18:50  Command Center  
  122  18:51  Command Center  
  122  18:56  Banshee  
  114  19:04  SCV  
  111  19:10  Starport Tech Lab  
  111  19:11  Starport Tech Lab  
  111  19:17  Starport Tech Lab  
  111  19:23  Fusion Core  
  111  19:29  Siege Tank x3  
  111  19:30  Hellbat x4  
  128  19:35  Starport Reactor  
  128  19:37  Viking x2  
  132  19:38  Banshee  
  118  20:10  Banshee x3  
  103  20:39  SCV x2  
Show
View Real Time Build Order
Export as new Build Order

Fluke Zerg - Winner!

Build Orders: Pool First, Swarm Host 

Get SALT Encoding   

  12  0:00  Drone  
  13  0:08  Drone  
  14  0:16  Drone, Extractor  
  15  0:32  Spawning Pool  
  14  0:40  Drone, Extractor  
  14  0:45  Overlord  
  14  0:54  Drone, Extractor  
  15  1:03  Drone x2  
  17  1:13  Drone  
  18  1:22  Queen  
  18  1:23  Overlord  
  20  1:44  Hatchery  
  19  1:49  Metabolic Boost  
  19  1:58  Zergling x2  
  19  1:59  Zergling x4  
  22  2:09  Queen  
  22  2:15  Overlord  
  24  2:20  Drone  
  25  2:31  Drone  
  26  2:38  Spore Crawler  
  25  2:45  Drone x2  
  28  2:51  Drone  
  29  3:06  Drone x3  
  29  3:09  Queen  
  29  3:10  Drone x2  
  29  3:11  Drone  
  37  3:14  Drone  
  37  3:15  Queen  
  37  3:17  Drone  
  41  3:27  Drone  
  41  3:31  Drone  
  43  3:39  Drone  
  44  3:45  Drone, Hatchery  
  43  4:04  Overlord x3  
  43  4:22  Queen  
  43  4:23  Spore Crawler  
  44  4:25  Overlord  
  44  4:26  Drone x4  
  44  4:27  Drone x2  
  44  4:30  Drone  
  44  4:31  Extractor  
  48  4:33  Queen  
  48  4:37  Drone  
  48  4:38  Drone x2, Evolution Chamber  
  50  4:39  Drone, Evolution Chamber  
  50  4:40  Drone  
  50  4:42  Roach Warren  
  52  4:51  Drone  
  53  4:53  Spore Crawler  
  53  4:54  Drone  
  53  4:57  Drone x2  
  53  4:58  Drone  
  56  5:08  Extractor  
  56  5:12  Zerg Ground Armor Level 1  
  55  5:15  Drone x2  
  57  5:21  Extractor  
  56  5:32  Zergling x4  
  56  5:33  Zergling x16  
  56  5:35  Overlord x2  
  66  5:39  Overlord x2  
  66  5:46  Baneling Nest, Lair  
  66  5:48  Drone  
  66  5:49  Overlord  
  66  5:51  Overlord  
  66  5:56  Drone x3  
  69  6:07  Drone x4  
  69  6:08  Drone x4, Zerg Melee Weapons Level 1  
  71  6:37  Zergling x2  
  62  6:44  Zergling x24  
  70  6:50  Zergling x2  
  60  6:55  Drone  
  60  6:59  Baneling  
  60  7:00  Baneling  
  53  7:05  Drone x5  
  53  7:08  Drone  
  56  7:15  Drone x2  
  56  7:25  Drone x3  
  59  7:35  Drone x2  
  59  7:38  Infestation Pit  
  58  7:44  Drone x2  
  58  7:46  Drone x5  
  65  7:54  Spore Crawler, Zergling x6  
  67  8:01  Zerg Ground Armor Level 2  
  67  8:04  Baneling x5  
  67  8:08  Drone x2  
  67  8:11  Drone  
  67  8:12  Drone x2  
  72  8:15  Drone x3  
  75  8:20  Overlord x2  
  75  8:24  Extractor x2  
  73  8:33  Swarm Host  
  76  8:36  Overlord x2  
  76  8:39  Drone  
  76  8:40  Drone  
  78  8:42  Drone  
  79  8:48  Drone  
  79  8:49  Drone x2  
  79  8:52  Swarm Host x2  
  88  8:56  Baneling x3  
  88  8:57  Extractor, Hatchery  
  88  9:00  Extractor  
  85  9:11  Zergling x12  
  87  9:25  Swarm Host x4  
  98  9:32  Drone x3  
  98  9:33  Drone x3  
  98  9:38  Zerg Melee Weapons Level 2, Spine Crawler  
  103  9:42  Drone  
  103  9:43  Drone x2  
  106  9:47  Drone  
  93  10:06  Swarm Host  
  92  10:09  Drone x2  
  92  10:12  Drone x2  
  92  10:13  Drone x5  
  92  10:14  Hydralisk Den, Drone x4  
  102  10:17  Spore Crawler  
  100  10:22  Drone  
  100  10:25  Spire  
  100  10:28  Drone x3  
  103  10:33  Queen  
  105  10:36  Drone x3  
  105  10:37  Hatchery  
  107  10:48  Spore Crawler  
  107  10:49  Hydralisk  
  106  10:50  Hydralisk x7  
  122  11:03  Swarm Host  
  122  11:04  Swarm Host x5  
  119  11:09  Drone  
  138  11:23  Drone x6  
  144  11:33  Overlord x5  
  144  11:35  Grooved Spines  
  144  11:36  Overseer  
  140  11:41  Overlord x2  
  140  11:42  Overlord  
  140  11:44  Mutalisk x3  
  144  11:51  Mutalisk x5  
  154  11:55  Zerg Flyer Weapons Level 1  
  154  11:59  Mutalisk x2  
  158  12:03  Mutalisk x2  
  162  12:11  Overlord x3  
  162  12:13  Mutalisk x2  
  166  12:16  Zergling x4  
  166  12:22  Mutalisk, Hatchery  
  168  12:23  Mutalisk  
  159  12:40  Mutalisk x4  
  159  12:43  Drone x6  
  168  12:47  Muscular Augments  
  168  12:50  Zergling x2  
  138  13:20  Drone x8  
  138  13:26  Hatchery  
  145  13:32  Extractor  
  144  13:35  Extractor  
  143  13:46  Zergling x18  
  132  14:06  Hydralisk x7  
  146  14:12  Baneling  
  146  14:13  Baneling x10  
  146  14:14  Baneling x3  
  146  14:15  Zergling x6  
  149  14:21  Swarm Host x2  
  155  14:37  Hatchery  
  118  15:01  Swarm Host x7  
  118  15:02  Swarm Host x5  
  118  15:05  Drone x3  
  157  15:18  Zergling x10  
  162  15:30  Zergling x10  
  162  15:34  Zergling x2  
  168  15:38  Hatchery  
  159  15:52  Zergling x14  
  159  15:53  Zergling x6  
  158  16:02  Drone  
  158  16:03  Drone x5  
  162  16:06  Zerg Flyer Weapons Level 2  
  162  16:08  Hive  
  162  16:09  Zergling x2  
  162  16:10  Zergling x8  
  162  16:11  Zerg Missile Weapons Level 1  
  164  16:21  Zergling x14  
  171  16:36  Drone x2  
  171  16:37  Drone  
  173  16:47  Spine Crawler x2  
  173  16:48  Spine Crawler  
  173  16:51  Spore Crawler  
  173  16:52  Spine Crawler  
  173  16:53  Spore Crawler  
  156  16:58  Zergling x18  
  156  16:59  Zergling x14  
  164  17:14  Hydralisk x9  
  164  17:15  Hydralisk x2  
  176  17:28  Hydralisk x7  
  188  17:32  Zerg Melee Weapons Level 3  
  188  17:33  Adrenal Glands  
  188  17:34  Overseer  
  188  17:35  Overseer  
  183  17:51  Zergling x12  
  183  17:52  Zergling x16  
  189  17:58  Hydralisk  
  189  17:59  Hydralisk x5  
  189  18:05  Zerg Ground Armor Level 3  
  195  18:10  Extractor  
  195  18:12  Extractor, Hatchery  
  188  18:13  Zergling x16  
  190  18:23  Burrow  
  174  18:32  Hydralisk x9  
  174  18:33  Hydralisk x2  
  194  18:41  Zergling x10  
  194  18:42  Zergling x2  
  200  18:50  Overlord  
  190  19:08  Drone x5  
  191  19:11  Drone x4  
  191  19:12  Drone, Spore Crawler  
  191  19:13  Spore Crawler  
  191  19:14  Zergling x2  
  191  19:15  Spine Crawler, Zergling x12  
  200  19:18  Overseer x3  
  200  19:42  Baneling x8  
  200  19:43  Baneling x2  
  198  19:59  Hydralisk x7  
  167  20:23  Zergling x44  
  167  20:24  Zergling x2  
Tags
 
Add a new tag
Caveats
  • Supply blocks, unpowered buildings, or Contaminate may cause inaccurate times.
  • Supply counts are checked every 10 seconds.